 Dungeon Crawl Stone Soup version 0.27-a0-1347-gd8886f0a89 (webtiles) character file.

Game seed: 5044114762968599080

1264 funkygono the Magician (level 8, 0/51 HPs)
             Began as a Djinni Fire Elementalist on June 27, 2021.
             Slain by a gnoll (4 damage)
             ... on level 6 of the Dungeon.
             The game lasted 00:10:25 (6036 turns).

funkygono the Magician (Djinni Fire Elementalist)   Turns: 6036, Time: 00:10:25

Health: 0/51       AC:  4    Str:  7    XL:     8   Next: 82%
Gold:   262        EV: 12    Int: 19    God:
                   SH:  0    Dex: 14

rFire    + + .     SeeInvis +   r - +1 falchion (pain)
rCold    . . .     Faith    .   (no shield)
rNeg     . . .     Spirit   .   c - +1 leather armour
rPois    ∞         Reflect  .   (no helmet)
rElec    .         Harm     .   (no cloak)
rCorr    .         Rampage  .   (no gloves)
Will     .....                  (boots unavailable)
Stlth    +.........             (no amulet)
HPRegen  0.17/turn              j - ring of see invisible
MPRegen  0.00/turn              b - ring of protection from cold

@: lit by a corona, flying, very slightly contaminated, glowing
A: sickness immunity, fire resistance 2, cold vulnerability 1, float, innate
caster, hp casting, extra vitality 1
a: no special abilities


You were on level 6 of the Dungeon.
You visited 1 branch of the dungeon, and saw 6 of its levels.

You collected 262 gold pieces.

Inventory:

Hand Weapons
 d - a +0 dagger
 k - a +0 whip of electrocution
 m - a +0 flail
 r - a +1 falchion of pain (weapon)
 v - a +2 dagger of venom
 w - a +2 dire flail of draining
Missiles
 u - 2 throwing nets
Armour
 a - a +0 robe
 c - a +1 leather armour (worn)
 x - a +1 scale mail of poison resistance
Jewellery
 b - a ring of protection from cold (right hand)
 j - a ring of see invisible (left hand)
Wands
 l - a wand of paralysis (15)
 n - a wand of mindburst (10)
Scrolls
 e - 2 scrolls of fear
 g - a scroll of teleportation
 p - a scroll of blinking
Potions
 f - a potion of curing
 h - a potion of lignification
 i - a potion of mutation
 s - a potion of ambrosia {unknown}


   Skills:
 + Level 0.9 Fighting
 + Level 1.2 Long Blades
 + Level 3.5 Dodging
 - Level 1.5 Stealth
 + Level 7.6 Spellcasting


You couldn't memorise any spells.
You knew the following spells:

 Your Spells              Type           Power      Damage    Failure   Level
a - Foxfire               Conj/Fire      100%       2x1d9     1%          1
b - Conjure Flame         Conj/Fire      36%        6-21      1%          3
c - Inner Flame           Hex/Fire       36%        N/A       1%          3
d - Sticky Flame          Conj/Fire      36%        2d6       6%          4
e - Fireball              Conj/Fire      18%        3d9       17%         5
f - Apportation           Tloc           72%        N/A       1%          1
g - Call Imp              Summ           36%        N/A       1%          2
h - Dazzling Flash        Conj/Hex       72%        N/A       1%          3
Your spell library was empty.

Dungeon Overview and Level Annotations

Branches:
Dungeon (6/15)
 Temple: D:4-7

Altars:
Kikubaaqudgha

Annotations:
D:5 3 runed translucent doors, Crazy Yiuf


Innate Abilities, Weirdness & Mutations

You are immune to sickness and miasma.
You are immune to poison.
Your flesh is very heat resistant. (rF++)
You are vulnerable to cold. (rC-)
You float through the air rather than walking.
You learn spells naturally, not from books.
Your magical power is your life essence.
You have superior vitality. (+4 HP)


Message History

You miscast Sticky Flame.
You are very lightly contaminated with residual magic.
The air around you crackles with energy!
The foxfire hits the gnoll shaman but does no damage.
The gnoll shaman is severely wounded.
The foxfire hits the gnoll shaman but does no damage.
The gnoll shaman is severely wounded.
The gnoll completely misses you.
The gnoll shaman hits you with a +0 club!
The gnoll closely misses you. The gnoll closely misses you.
The gnoll shaman barely misses you. The gnoll misses you.
Casting: Sticky Flame (dangerous; 6% risk of failure)
Confirm with . or Enter, or press ? or * to list all spells.
Aiming: Sticky Flame (dangerous; 6% risk of failure)
Press: ? - help, Shift-Dir - straight line, f/p - gnoll shaman
Aim: a gnoll shaman, wielding a +0 club and wearing a +0 robe (severely wounded, 100% to hit)
You miscast Sticky Flame.
Nothing appears to happen.
* * * LOW HITPOINT WARNING * * *
The gnoll hits you from afar with a +0 halberd.
* * * LOW HITPOINT WARNING * * *
The gnoll shaman barely misses you.
You riposte.
Your leather armour prevents you from hitting the gnoll shaman.
The gnoll shaman is severely wounded.
The gnoll barely misses you. The gnoll closely misses you.
The gnoll shaman calls upon its god to speed up the gnoll.
The gnoll seems to speed up.
The gnoll hits you from afar with a +0 halberd!
* * * LOW HITPOINT WARNING * * *
The gnoll barely misses you.
The gnoll shaman mumbles some strange prayers to its god against you.
You are outlined in light.
The gnoll barely misses you.
You feel better.
The gnoll hits you from afar with a +0 halberd!
* * * LOW HITPOINT WARNING * * *
The gnoll completely misses you. The gnoll barely misses you.
The gnoll hits you from afar with a +0 halberd.
You die...

........#+#.#.###
.#+#####....#.#. .
.............>#....
.#.####............(
...####....##...#####
#...................#
.........#.##.##....#
#.......[#.##.##....###.
#........#+##...@.......
#............###g...####
.............##g........
.............##.g.##..##
.......##....##...##..##
##.....##....##........#
#................##....
..................# ..#
..................# .#


You could see a gnoll shaman and 2 gnolls.

Vanquished Creatures
  Sigmund (D:4)
  Eustachio (D:4)
  Edmund (D:5)
  A necrophage (D:5)
  Blork the orc (D:4)
  2 scorpions (D:5)
  3 hounds
  Natasha (thrice) (D:4)
  4 iguanas
  An orc wizard (D:5)
  A hound skeleton (D:4)
  10 gnolls
  A howler monkey skeleton (D:5)
  8 adders
  A shadow imp (D:5)
  An ufetubus (D:6)
  A worm (D:2)
  A dart slug (D:1)
  6 orcs
  3 ball pythons
  3 bats
  6 endoplasms
  5 giant cockroaches
  13 goblins
  6 hobgoblins
  11 jackals
  5 quokkas
  A frilled lizard (D:3)
  A kobold (D:3)
  3 rats
105 creatures vanquished.

Vanquished Creatures (collateral kills)
  A foxfire (D:3)
1 creature vanquished.

Vanquished Creatures (others)
  478 foxfires
478 creatures vanquished.

Grand Total: 584 creatures vanquished

Notes
Turn   | Place    | Note
-------+----------+-------------------------------------------
     0 | D:1      | funkygono the Djinni Fire Elementalist began the quest for
                  | the Orb.
     0 | D:1      | Reached XP level 1. HP: 15/15 MP: 0/0
   124 | D:1      | Reached XP level 2. HP: 14/21 MP: 0/0
   615 | D:1      | Reached skill level 3 in Spellcasting
   846 | D:2      | Reached XP level 3. HP: 23/25 MP: 0/0
   846 | D:2      | Learned a level 1 spell: Apportation
  1017 | D:2      | Reached XP level 4. HP: 17/31 MP: 0/0
  1556 | D:2      | Reached skill level 4 in Spellcasting
  1556 | D:2      | Reached XP level 5. HP: 32/35 MP: 0/0
  1556 | D:2      | Learned a level 2 spell: Call Imp
  2774 | D:3      | Found a faded altar of an unknown god.
  3223 | D:4      | Noticed Natasha
  3225 | D:4      | Killed Natasha
  3226 | D:4      | Reached XP level 6. HP: 33/40 MP: 0/0
  3593 | D:4      | Reached skill level 5 in Spellcasting
  3596 | D:4      | Noticed Sigmund
  3603 | D:4      | Killed Sigmund
  3604 | D:4      | Reached XP level 7. HP: 34/45 MP: 0/0
  3604 | D:4      | Learned a level 3 spell: Dazzling Flash
  3707 | D:4      | Noticed Blork the orc
  3720 | D:4      | Killed Blork the orc
  3849 | D:4      | Noticed Natasha
  3864 | D:4      | Killed Natasha
  3927 | D:4      | Noticed Natasha
  3930 | D:4      | Killed Natasha
  3931 | D:4      | Reached skill level 6 in Spellcasting
  4360 | D:4      | Noticed Eustachio
  4376 | D:4      | Killed Eustachio
  4377 | D:4      | Reached XP level 8. HP: 26/51 MP: 0/0
  4740 | D:5      | Entered Level 5 of the Dungeon
  4756 | D:5      | Found a runed translucent door.
  4757 | D:5      | Noticed Crazy Yiuf
  4815 | D:5      | Noticed Edmund
  5124 | D:5      | Reached skill level 7 in Spellcasting
  5297 | D:5      | Killed Edmund
  5298 | D:5      | Reached skill level 1 in Long Blades
  5517 | D:5      | Found a large runed translucent door.
  5517 | D:5      | Found a large runed translucent door.
  6036 | D:6      | Slain by a gnoll

Illustrated notes

Levels and vault maps discovered:
D:1:      denvon_arrival_waterhouse, layout_basic
D:2:      layout_basic, minmay_nonomino_d4
D:3:      layout_loops_ring, nicolae_kikubaaqudgha_miasma_corner,
          ebering_ecumenical_altar_box, guppyfry_early_lair_pool
D:4:      layout_cave_pods, uniq_natasha, uniq_eustachio, uniq_sigmund,
          uniq_blork_the_orc
D:5:      layout_basic, jmf_multi_god_temple2, uniq_edmund,
          uniq_crazy_yiuf_cottage
D:6:      layout_basic, marbit_many_paths, temple_statues,
          gammafunk_ghost_mausoleum

Skill      XL: |  1  2  3  4  5  6  7  8 |
---------------+-------------------------+-----
Spellcasting   | 3 4 5 6 7 |  7.6
Dodging        | 3 |  3.5
Long Blades    | 1 |  1.2
Fighting       | |  0.9
Stealth        | |  1.5

Action                   |  1- 3 |  4- 6 |  7- 9 || total
-------------------------+-------+-------+-------++-------
Melee: Dagger            |     1 |     1 |       ||     2
       Whip              |       |     1 |       ||     1
       Falchion          |       |       |     5 ||     5
 Cast: Foxfire           |    40 |   129 |   116 ||   285
       Sticky Flame      |       |       |     5 ||     5
  Use: Scroll            |     2 |     6 |     6 ||    14
       Potion            |       |       |     1 ||     1
Armor: Robe              |     2 |     4 |     2 ||     8
       Leather armour    |       |       |     1 ||     1
Dodge: Dodged            |     5 |    12 |    25 ||    42
       Rpst.: Falchion   |       |       |     4 ||     4

Table legend: (Time is in decaauts)
 A = Elapsed time spent in this place.
 B = Non-inter-level travel time spent in this place.
 C = Inter-level travel time spent in this place.
 D = Time resting spent in this place.
 E = Time spent auto-exploring this place.
 F = Levels seen in this place.
 G = Mean time per level.
                   A        B        C        D        E       F      G
               +--------+--------+--------+--------+--------+-----+--------+
         Total |   6033 |   5849 |    184 |    163 |   4905 |   6 | 1005.5 |
       Dungeon |   6033 |   5849 |    184 |    163 |   4905 |   6 | 1005.5 |
               +--------+--------+--------+--------+--------+-----+--------+

Top non-repeatable levels by time:
     D:4: 1581 daAuts
     D:2: 1385 daAuts
     D:5: 1134 daAuts
     D:3: 989 daAuts
     D:1: 830 daAuts
     D:6: 111 daAuts
